[ AOE2 MATCH · #506781932 ]
UnrankedTurks vs Slavs
Player's team · LOSS
Rival team · WIN
[ REPLAY ANALYSIS · EXTRACTED FROM THE RECORDED GAME ]
Feudal
12:50
Castle
—
Imperial
—
| APM avg | 70.1 |
| APM peak | 103 |
| eAPM avg | 25.8 |
| Villagers / military | 53 / 25 |
Focus
⚔️ 53.5% · 🌾 46.5%
Scout Cavalry ×12 · Militia ×9 · Archer ×2 · Skirmisher ×2
Feudal
12:23
Castle
19:26
Imperial
—
| APM avg | 57.6 |
| APM peak | 82 |
| eAPM avg | 31.9 |
| Villagers / military | 41 / 29 |
Focus
⚔️ 57.8% · 🌾 42.2%
Militia ×29
Match map
Initial resources + every placement click. Lines = walls · curves = elevation contours. ◆ gold · ⬟ stone · ● berries · ✦ relic · ◌ wall gap
Your base· Open — 3t gap
STORM | Noszombie's base· Open — 9t gap
Smoothed initial terrain · ◌ = detected wall gap · hover for details
Inputs per minute
— Survivalist - - STORM | Noszombie
Build order — Survivalist
130 actions detected in the replay
| 0:00 | Create | Villager (Male) |
| 0:02 | Build | House |
| 0:10 | Build | House |
| 0:12 | Create | Villager (Male) |
| 0:13 | Create | Villager (Male) |
| 0:14 | Create | Villager (Male) |
| 1:22 | Create | Villager (Male) |
| 1:48 | Create | Villager (Male) |
| 2:24 | Create | Villager (Male) |
| 2:35 | Create | Villager (Male) |
| 2:56 | Create | Villager (Male) |
| 2:56 | Create | Villager (Male) |
| 3:10 | Build | Barracks |
| 3:37 | Create | Villager (Male) |
| 3:48 | Create | Villager (Male) |
| 3:49 | Build | House |
| 4:11 | Create | Militia |
| 4:33 | Create | Villager (Male) |
| 4:34 | Create | Militia |
| 4:34 | Create | Militia |
| 4:47 | Build | House |
| 4:53 | Create | Militia |
| 4:59 | Create | Villager (Male) |
| 5:27 | Create | Villager (Male) |
| 5:43 | Create | Militia |
| 5:49 | Create | Villager (Male) |
| 6:06 | Create | Militia |
| 6:08 | Create | Villager (Male) |
| 6:29 | Build | Lumber Camp |
| 6:43 | Create | Villager (Male) |
| 6:43 | Create | Villager (Male) |
| 6:57 | Create | Villager (Male) |
| 7:04 | Build | House |
| 7:15 | Create | Villager (Male) |
| 7:27 | Create | Villager (Male) |
| 7:34 | Create | Villager (Male) |
| 7:45 | Build | Mining Camp |
| 7:47 | Build | Palisade Wall |
| 7:49 | Build | Palisade Wall |
| 8:06 | Create | Villager (Male) |
| 8:31 | Create | Villager (Male) |
| 8:55 | Create | Villager (Male) |
| 9:43 | Create | Villager (Male) |
| 9:47 | Research | Loom |
| 9:49 | Build | House |
| 9:56 | Build | Mill |
| 10:01 | Build | Mill |
| 10:02 | Build | Palisade Wall |
| 10:04 | Build | Palisade Wall |
| 10:06 | Build | Palisade Wall |
| 10:07 | Create | Villager (Male) |
| 10:11 | Create | Militia |
| 10:13 | Create | Villager (Male) |
| 10:40 | Research | Feudal Age |
| 10:53 | Create | Militia |
| 11:31 | Create | Militia |
| 11:35 | Build | House |
| 11:45 | Build | Farm |
| 11:46 | Build | Farm |
| 11:48 | Build | Farm |
| 11:50 | Build | Farm |
| 11:52 | Build | Farm |
| 11:53 | Build | Farm |
| 11:53 | Build | Farm |
| 12:20 | Create | Villager (Male) |
| 12:50 | Age | Feudal Age |
| 12:52 | Research | Man-at-Arms (upgrade) |
| 12:54 | Research | Double-Bit Axe |
| 12:59 | Create | Villager (Male) |
| 13:04 | Build | Archery Range |
| 13:07 | Build | House |
| 13:09 | Build | House |
| 13:11 | Build | Palisade Wall |
| 13:26 | Create | Villager (Male) |
| 13:56 | Build | Palisade Wall |
| 14:03 | Create | Archer |
| 14:10 | Create | Villager (Male) |
| 14:13 | Build | Farm |
| 14:36 | Build | Stable |
| 14:39 | Create | Archer |
| 14:42 | Create | Villager (Male) |
| 14:59 | Create | Villager (Male) |
| 15:08 | Build | Lumber Camp |
| 15:34 | Create | Villager (Male) |
| 15:35 | Create | Scout Cavalry |
| 15:35 | Create | Scout Cavalry |
| 16:17 | Create | Villager (Male) |
| 16:18 | Create | Villager (Male) |
| 16:18 | Create | Scout Cavalry |
| 16:19 | Create | Scout Cavalry |
| 16:20 | Build | Farm |
| 16:21 | Build | Farm |
| 16:24 | Build | Farm |
| 16:26 | Build | Farm |
| 16:27 | Build | Farm |
| 16:28 | Research | Horse Collar |
| 16:28 | Research | Horse Collar |
| 16:30 | Create | Scout Cavalry |
| 16:32 | Build | Farm |
| 16:43 | Create | Villager (Male) |
| 16:47 | Build | Farm |
| 16:54 | Build | House |
| 16:55 | Build | House |
| 16:58 | Create | Scout Cavalry |
| 17:00 | Create | Villager (Male) |
| 17:41 | Create | Scout Cavalry |
| 17:46 | Create | Villager (Male) |
| 17:58 | Create | Villager (Male) |
| 17:58 | Create | Scout Cavalry |
| 18:02 | Create | Villager (Male) |
| 18:14 | Create | Villager (Male) |
| 18:25 | Create | Skirmisher |
| 18:25 | Create | Skirmisher |
| 18:33 | Create | Villager (Male) |
| 18:36 | Build | Market |
| 18:45 | Create | Villager (Male) |
| 18:56 | Create | Villager (Male) |
| 19:25 | Create | Villager (Male) |
| 19:26 | Create | Scout Cavalry |
| 19:42 | Build | Mining Camp |
| 19:42 | Build | Watch Tower |
| 19:45 | Create | Villager (Male) |
| 20:04 | Research | Bloodlines |
| 20:35 | Create | Scout Cavalry |
| 20:36 | Create | Villager (Male) |
| 20:36 | Create | Villager (Male) |
| 20:37 | Create | Scout Cavalry |
| 20:38 | Create | Scout Cavalry |
| 20:41 | Create | Villager (Male) |
| 20:41 | Create | Villager (Male) |
Build order — STORM | Noszombie
117 actions detected in the replay
| 0:01 | Create | Villager (Male) |
| 0:01 | Create | Villager (Male) |
| 0:02 | Build | House |
| 0:04 | Build | House |
| 0:05 | Create | Villager (Male) |
| 0:23 | Create | Villager (Male) |
| 1:33 | Create | Villager (Male) |
| 1:36 | Build | Lumber Camp |
| 1:56 | Create | Villager (Male) |
| 2:25 | Create | Villager (Male) |
| 2:46 | Create | Villager (Male) |
| 3:07 | Create | Villager (Male) |
| 3:48 | Create | Villager (Male) |
| 3:58 | Build | House |
| 4:02 | Create | Villager (Male) |
| 4:17 | Build | Barracks |
| 4:22 | Create | Villager (Male) |
| 4:48 | Create | Villager (Male) |
| 4:48 | Create | Villager (Male) |
| 5:22 | Create | Militia |
| 5:22 | Create | Militia |
| 5:31 | Build | Mining Camp |
| 5:51 | Create | Villager (Male) |
| 6:03 | Create | Villager (Male) |
| 6:06 | Build | House |
| 6:14 | Create | Militia |
| 6:18 | Create | Villager (Male) |
| 6:46 | Research | Loom |
| 7:12 | Create | Villager (Male) |
| 7:35 | Create | Villager (Male) |
| 7:41 | Create | Militia |
| 7:56 | Create | Villager (Male) |
| 7:58 | Build | Mill |
| 7:59 | Create | Villager (Male) |
| 8:01 | Build | Palisade Wall |
| 8:15 | Create | Militia |
| 8:20 | Create | Villager (Male) |
| 8:26 | Create | Villager (Male) |
| 8:35 | Create | Villager (Male) |
| 8:45 | Build | House |
| 8:50 | Create | Militia |
| 8:53 | Build | Farm |
| 9:01 | Create | Villager (Male) |
| 9:11 | Build | Farm |
| 9:13 | Create | Villager (Male) |
| 9:20 | Build | House |
| 9:40 | Create | Villager (Male) |
| 9:50 | Build | Farm |
| 10:03 | Build | Farm |
| 10:13 | Research | Feudal Age |
| 10:23 | Create | Militia |
| 10:46 | Create | Militia |
| 11:02 | Build | House |
| 11:04 | Create | Militia |
| 11:24 | Create | Villager (Male) |
| 11:30 | Create | Militia |
| 12:23 | Age | Feudal Age |
| 12:30 | Research | Man-at-Arms (upgrade) |
| 12:33 | Create | Villager (Male) |
| 12:36 | Build | Blacksmith |
| 12:39 | Research | Double-Bit Axe |
| 12:47 | Research | Horse Collar |
| 12:57 | Create | Villager (Male) |
| 12:58 | Create | Militia |
| 13:03 | Build | House |
| 13:16 | Create | Villager (Male) |
| 13:16 | Create | Villager (Male) |
| 13:22 | Create | Villager (Male) |
| 13:28 | Build | Mill |
| 13:46 | Research | Scale Mail Armor |
| 13:47 | Create | Villager (Male) |
| 14:03 | Create | Militia |
| 14:03 | Create | Militia |
| 14:11 | Build | Barracks |
| 14:25 | Create | Militia |
| 14:32 | Create | Villager (Male) |
| 14:36 | Build | Farm |
| 14:44 | Create | Militia |
| 14:50 | Create | Villager (Male) |
| 15:15 | Create | Villager (Male) |
| 15:24 | Build | Market |
| 15:38 | Build | Farm |
| 15:40 | Build | Farm |
| 16:23 | Build | Farm |
| 16:46 | Research | Castle Age |
| 17:02 | Create | Militia |
| 17:06 | Build | Farm |
| 17:13 | Create | Militia |
| 17:27 | Create | Militia |
| 17:31 | Build | Farm |
| 17:59 | Create | Militia |
| 18:00 | Create | Militia |
| 18:04 | Create | Militia |
| 18:05 | Create | Militia |
| 18:12 | Create | Militia |
| 18:18 | Create | Militia |
| 18:29 | Build | House |
| 18:33 | Research | Gold Mining |
| 18:50 | Create | Militia |
| 18:59 | Create | Villager (Male) |
| 19:02 | Build | Palisade Wall |
| 19:09 | Create | Villager (Male) |
| 19:17 | Create | Militia |
| 19:26 | Age | Castle Age |
| 19:33 | Research | Long Swordsman (upgrade) |
| 19:50 | Create | Villager (Male) |
| 19:55 | Build | Town Center |
| 20:10 | Research | Chain Mail Armor |
| 20:20 | Create | Militia |
| 20:23 | Build | Farm |
| 20:24 | Build | Farm |
| 20:25 | Build | Farm |
| 20:34 | Create | Militia |
| 20:40 | Create | Villager (Male) |
| 20:42 | Build | Farm |
| 20:42 | Build | Farm |
| 20:53 | Create | Militia |
Match timeline
| 3:10 | Survivalist · first_building Barracks |
| 4:17 | STORM | Noszombie · first_building Barracks |
| 7:47 | Survivalist · wall_segment Palisade Wall x1 |
| 7:49 | Survivalist · wall_segment Palisade Wall x1 |
| 8:01 | STORM | Noszombie · wall_segment Palisade Wall x1 |
| 10:02 | Survivalist · wall_segment Palisade Wall x1 |
| 10:04 | Survivalist · wall_segment Palisade Wall x1 |
| 10:06 | Survivalist · wall_segment Palisade Wall x1 |
| 12:23 | STORM | Noszombie · age_up feudal |
| 12:50 | Survivalist · age_up feudal |
| 13:04 | Survivalist · first_building Archery Range |
| 13:11 | Survivalist · wall_segment Palisade Wall x1 |
| 13:56 | Survivalist · wall_segment Palisade Wall x1 |
| 14:36 | Survivalist · first_building Stable |
| 16:33 | STORM | Noszombie · first_market_buy 100 food |
| 19:02 | STORM | Noszombie · wall_segment Palisade Wall x1 |
| 19:26 | STORM | Noszombie · age_up castle |
| 19:58 | Survivalist · first_market_sell 100 wood |
| 20:09 | STORM | Noszombie · first_market_sell 100 stone |
| 20:58 | Survivalist · resign |
[ AI ANALYSIS · 1 CREDIT ]
What really happened in this match?
Wolo.gg analyzes every decision: build order, eco, micro, common mistakes by bracket. Personalized analysis on WhatsApp or Discord in 30 seconds.
Civ guide
Turks
Perfil
Jugador #247224